 Dungeon Crawl Stone Soup version 0.30.1-9-gdf580d7c3d (webtiles) character file.

Game seed: 16991119414915643909

2039 QueensGambit the Chopper (level 9, -6/55 HPs)
             Began as a Gargoyle Berserker on Oct 11, 2023.
             Was an Elder of Trog.
             Mangled by a yak (7 damage)
             ... on level 1 of the Lair of Beasts.
             The game lasted 00:32:47 (5460 turns).

QueensGambit the Chopper (Gargoyle Berserker)       Turns: 5460, Time: 00:32:48

Health: -6/55      AC: 26    Str: 22    XL:     9   Next: 24%
Magic:  9/9        EV: 12    Int:  7    God:    Trog [****..]
Gold:   319        SH:  0    Dex: 13    Spells: 8/8 levels left

rFire   . . .        D - +2 mace (protect)
rCold   . . .        (no shield)
rNeg    + . .        u - +7 ring mail "Luoghyd" {+Inv}
rPois   ∞            (no helmet)
rElec   +            (no cloak)
rCorr   .            (no gloves)
SInv    +            (no boots)
Will    +....        (no amulet)
Stlth   ++           o - ring of see invisible
HPRegen 0.29/turn    A - ring of willpower
MPRegen 0.11/turn

%: no passive effects
@: under a protective aura
A: sickness immunity, AC +6, negative energy resistance 1, electricity
resistance, torment resistance 1, petrification resistance
a: Renounce Religion, Evoke Invisibility, Berserk, Trog's Hand, Brothers in Arms


You were on level 1 of the Lair of Beasts.
You worshipped Trog.
Trog was greatly pleased with you.
You visited 2 branches of the dungeon, and saw 9 of its levels.

You collected 433 gold pieces.
You spent 114 gold pieces at shops.

Inventory:

Hand Weapons
 c - a +1 dagger of venom
 h - a +2 hand axe of chaos
 t - a +0 vampiric hand axe
 B - a +1 hand axe of freezing
 C - a +2 heavy long sword
 D - a +2 mace of protection (weapon)
Missiles
 e - 3 boomerangs
 m - 69 stones (quivered)
Armour
 u - the +7 ring mail "Luoghyd" (worn) {+Inv}
   (You took it off an orc on level 3 of the Dungeon)

   +Inv:      It lets you turn invisible.
 w - a +1 chain mail of fire resistance
Jewellery
 a - an amulet of magic regeneration
 o - a ring of see invisible (left hand)
 A - a ring of willpower (right hand)
Scrolls
 d - 4 scrolls of vulnerability
 l - a scroll of immolation
 p - 2 scrolls of poison
 q - a scroll of fog
 r - a scroll of identify
 y - 4 scrolls of teleportation
Potions
 b - 2 potions of brilliance {unknown}
 f - 6 potions of curing {unknown}
 g - 5 potions of ambrosia {unknown}
 i - a potion of lignification {unknown}
 j - 2 potions of heal wounds {unknown}
 k - a potion of degeneration {unknown}
 n - 2 potions of magic {unknown}
 s - a potion of haste {unknown}
 x - a potion of mutation {unknown}
 z - 2 potions of attraction {unknown}


   Skills:
 + Level 6.1 Fighting
 + Level 1.5 Short Blades
 + Level 7.3(7.5) Axes
 + Level 2.3(5.6) Maces & Flails
 + Level 0.4(4.5) Polearms
 + Level 2.1 Ranged Weapons
 + Level 0.1 Throwing
 + Level 5.3 Armour
 + Level 3.4 Dodging
 + Level 3.1 Stealth


You had 8 spell levels left.
You didn't know any spells.
Your spell library contained the following spells:

 Spells                   Type           Power      Damage    Failure   Level
 Olgreb's Toxic Radiance  Pois           0%         N/A       100%        4
 Discord                  Hex            0%         N/A       100%        8
 Ignition                 Fire           0%         3d3       100%        8


Dungeon Overview and Level Annotations

Branches:
Dungeon (8/15)             Temple (0/1) D:5            Lair (1/5) D:8

Altars:
Dithmenos
Kikubaaqudgha
Qazlal
Ru
Sif Muna
Vehumet
Wu Jian

Shops:
D:6 ?   D:7 *


Innate Abilities, Weirdness & Mutations

You are immune to sickness and miasma.
Your stone body is resilient. (AC +6)
You are immune to poison.
You resist negative energy. (rN+)
You are resistant to electric shocks. (rElec)
You are resistant to unholy torment.
You are immune to petrification.


Message History

The bullfrog barely misses you.
The bullfrog hits you but does no damage.
You hit the bullfrog.
The bullfrog is heavily wounded.
The bullfrog hits you.
The bullfrog hits you but does no damage.
You hit the bullfrog.
The bullfrog is severely wounded.
The bullfrog closely misses you.
You hit the bullfrog.
The bullfrog is severely wounded.
The bullfrog barely misses you.
The bullfrog hits you but does no damage.
You barely miss the bullfrog.
You punch the bullfrog, but do no damage.
The bullfrog is severely wounded.
The bullfrog barely misses you. x2
You sock the bullfrog!
You kill the bullfrog!
Trog accepts your kill. The yak misses you. The yak gores you!
You see here a bullfrog corpse.
You hit the yak.
The yak is lightly wounded.
The yak gores you but does no damage.
You hit the yak but do no damage.
The yak is lightly wounded.
The yak barely misses you. The yak gores you!
* * * LOW HITPOINT WARNING * * *
You sock the yak!
The yak is moderately wounded.
The yak barely misses you. x2; The yak gores you.
* * * LOW HITPOINT WARNING * * *
The yak gores you.
* * * LOW HITPOINT WARNING * * *
You hit the yak.
The yak is heavily wounded.
The yak gores you!
You die...

.....................
........................
........................
...................###.
. #......####.####..## #
..#......####'####..P###
................##......
..#......P..........##..
....Y..@........##..###.
..#...YY.##......#..P #.
#......##.....##..# ##
#........###.#.#..#
........## .###..#
.......... .. .... .
#######.## ##. # ###


You could see 3 yaks.

Vanquished Creatures
  A komodo dragon (Lair:1)
  A basilisk (Lair:1)
  A steam dragon (D:7)
  Menkaure (D:4)
  An ice beast (D:5)
  A sky beast (D:7)
  An orc warrior (D:8)
  2 ogres
  2 bullfrogs
  2 scorpions (D:5)
  4 jellies
  3 orc priests
  2 iguanas
  A sleepcap (D:6)
  Natasha (D:3)
  3 orc wizards
  6 gnolls
  5 adders
  2 shadow imps
  A white imp (D:7)
  2 worms (D:4)
  2 dart slugs
  25 orcs
  4 endoplasms
  2 giant cockroaches
  6 goblins
  4 hobgoblins
  4 jackals (D:2)
  5 kobolds
  5 quokkas
  11 ball pythons
  3 bats
  3 frilled lizards
  3 rats (D:2)
120 creatures vanquished.

Vanquished Creatures (collateral kills)
  A black bear (D:7)
1 creature vanquished.

Vanquished Creatures (others)
  An ufetubus (D:7)
1 creature vanquished.

Grand Total: 122 creatures vanquished

Notes
Turn   | Place    | Note
-------+----------+-------------------------------------------
     0 | D:1      | QueensGambit the Gargoyle Berserker began the quest for the
                  | Orb.
     0 | D:1      | Reached XP level 1. HP: 14/14 MP: 1/1
    69 | D:1      | Reached XP level 2. HP: 17/19 MP: 2/2
   139 | D:1      | Reached skill level 3 in Axes
   593 | D:2      | Reached XP level 3. HP: 21/24 MP: 3/3
   844 | D:2      | Reached skill level 1 in Ranged Weapons
  1083 | D:2      | Reached XP level 4. HP: 29/29 MP: 4/4
  1199 | D:2      | Reached ** piety under Trog
  1346 | D:2      | You fall into a shaft and drop 2 floors!
  1401 | D:4      | Found a sacrificial altar of Ru.
  1417 | D:4      | Found a radiant altar of Vehumet.
  1631 | D:4      | Reached XP level 5. HP: 13/33 MP: 5/5
  1708 | D:4      | Reached skill level 1 in Stealth
  1767 | D:4      | Noticed Menkaure
  1775 | D:4      | Killed Menkaure
  1776 | D:4      | Reached skill level 1 in Short Blades
  1776 | D:4      | Reached skill level 1 in Maces & Flails
  1776 | D:4      | Reached XP level 6. HP: 12/38 MP: 6/6
  2170 | D:3      | Identified the +7 ring mail "Luoghyd" {+Inv}
  2325 | D:3      | Found an ancient bone altar of Kikubaaqudgha.
  2327 | D:3      | Found an ornate altar of the Wu Jian Council.
  2668 | D:3      | Noticed Natasha
  2674 | D:3      | Killed Natasha
  2674 | D:3      | Reached *** piety under Trog
  3130 | D:5      | Entered Level 5 of the Dungeon
  3130 | D:5      | Found a shadowy altar of Dithmenos.
  3168 | D:5      | Found a staircase to the Ecumenical Temple.
  3329 | D:5      | Reached XP level 7. HP: 44/44 MP: 7/7
  3348 | D:5      | Reached skill level 4 in Axes
  3683 | D:6      | Reached skill level 5 in Axes
  3695 | D:6      | Found Ninkah's Magic Scroll Shoppe.
  3701 | D:6      | Found a stormy altar of Qazlal.
  3724 | D:6      | Bought a scroll of brand weapon for 114 gold pieces
  3747 | D:6      | Reached XP level 8. HP: 39/48 MP: 8/8
  3982 | D:6      | Reached skill level 5 in Fighting
  4490 | D:7      | Reached skill level 6 in Axes
  4528 | D:7      | Found Ytyufoim's General Store.
  4600 | D:7      | Found a shimmering blue altar of Sif Muna.
  4792 | D:7      | Reached skill level 5 in Armour
  5014 | D:8      | Noticed a yak
  5014 | D:8      | Noticed a yak
  5014 | D:8      | Noticed a yak
  5261 | D:8      | Found a staircase to the Lair.
  5266 | Lair:1   | Entered Level 1 of the Lair of Beasts
  5338 | Lair:1   | Noticed a komodo dragon
  5355 | Lair:1   | Killed a komodo dragon
  5356 | Lair:1   | Reached skill level 7 in Axes
  5356 | Lair:1   | Reached XP level 9. HP: 3/55 MP: 9/9
  5358 | Lair:1   | Reached **** piety under Trog
  5459 | Lair:1   | HP: 1/55 [yak (6)]
  5460 | Lair:1   | Mangled by a yak

Illustrated notes

Levels and vault maps discovered:
D:1:      dpeg_arrival_pits, layout_rooms
D:2:      layout_basic
D:3:      layout_basic, chequers_temple_overflow_statue_of_worship,
          kennysheep_pointless_box, minivault_27, uniq_natasha
D:4:      cheibrodos_old_hovel, layout_loops_ring,
          amethyst_overflow_temple_binary, uniq_menkaure
D:5:      layout_cave_pods, nemelex_xobeh_ov_fountains_minmay,
          mainiacjoe_overflow_cross_hatched, minmay_temple_entry_glassed_door
D:6:      wander_river, layout_rooms, lemuel_crystal_altar, serial_shops, shop
D:7:      layout_basic, mainiacjoe_overflow_chevrons, serial_shops,
          nicolae_diamond_shop, eino_small_chamber_without_monster,
          minmay_misc_feat_roman
D:8:      layout_loops_ring, lair_entry_dummy, minmay_misc_feat_iff,
          kennysheep_generic_room_2
Lair:1:   layout_regular_city, enter_volcano_2, serial_bayou_shore_a

Skill      XL: |  1  2  3  4  5  6  7  8  9 |
---------------+----------------------------+-----
Axes           | 3 5 7 |  7.3
Ranged Weapons | 1 2 |  2.1
Dodging        | 2 3 |  3.4
Fighting       | 4 5 6 |  6.1
Armour         | 3 4 5 |  5.3
Stealth        | 1 2 3 |  3.1
Short Blades   | 1 |  1.5
Maces & Flails | 1 2 |  2.3
Polearms       | |  0.4
Throwing       | |  0.1

Action                     |  1- 3 |  4- 6 |  7- 9 || total
---------------------------+-------+-------+-------++-------
  Melee: Hand axe          |    18 |    71 |   133 ||   222
         Trident           |    34 |       |       ||    34
         Dagger            |    16 |    37 |       ||    53
         Whip              |       |    18 |       ||    18
         Punch             |       |       |     3 ||     3
         Mace              |       |       |    31 ||    31
   Fire: Sling             |    29 |       |       ||    29
  Throw: Stone             |     4 |       |     4 ||     8
    Use: Scroll            |     2 |     4 |    10 ||    16
   Stab: Sleeping          |     1 |       |       ||     1
         Confused          |       |       |     2 ||     2
 Armour: Animal skin       |    15 |       |       ||    15
         Ring mail         |    79 |    65 |    92 ||   236
  Dodge: Dodged            |   146 |    90 |   112 ||   348
